 Dungeon Crawl Stone Soup version 0.18-a0-1784-ga939a68 (webtiles) character file.

725 mmcf the Basher (level 7, -1/76 HPs)
             Began as an Ogre Berserker on Apr 18, 2016.
             Was a Priest of Trog.
             Slain by an orc
             ... wielding a +1 short sword of speed
              (3 damage)
             ... on level 4 of the Dungeon.
             The game lasted 00:09:28 (2875 turns).

mmcf the Basher (Ogre Berserker)                    Turns: 2875, Time: 00:09:29

Health: -1/76      AC:  4    Str: 23    XL:     7   Next: 71%
Magic:  7/7        EV: 11    Int:  6    God:    Trog [***...]
Gold:   197        SH:  0    Dex: 11    Spells: 0 memorised, 6 levels left

rFire  . . .     SeeInvis .     a - +0 mace (freeze)
rCold  + . .     Gourm    .     q - +1 robe {rC+}
rNeg   . . .     Faith    .     (no shield)
rPois  +         Spirit   .     (helmet restricted)
rElec  .         Dismiss  .     (no cloak)
rCorr  .         Reflect  .     (gloves unavailable)
SustAt .         Harm     .     (boots unavailable)
MR     .....                    (no amulet)
Stlth  +.........               (no ring)
                                g - ring of poison resistance

@: exhausted, slowed, very slow, not resistant to hostile enchantments, very
unstealthy
A: unfitting armour, tough skin 1
a: Berserk, Trog's Hand, Burn Spellbooks, Renounce Religion


You were on level 4 of the Dungeon.
You worshipped Trog.
Trog was most pleased with you.
You were not hungry.

You visited 1 branch of the dungeon, and saw 4 of its levels.
You also visited: Ossuary.

You collected 197 gold pieces.

Inventory:

Hand Weapons
 a - a +0 mace of freezing (weapon)
Missiles
 e - 11 poisoned needles
Armour
 q - a +1 robe of cold resistance (worn)
Jewellery
 g - a ring of poison resistance (left hand)
Scrolls
 d - 4 scrolls of remove curse
 f - a scroll of teleportation
 l - a scroll of fear
 t - 2 scrolls of identify
 v - a scroll of magic mapping {unknown}
 y - a scroll of blinking
Potions
 b - 2 potions of resistance
 j - a potion of curing {unknown}
 k - a potion of brilliance
 m - a potion of ambrosia {unknown}
 r - 3 potions of mutation {unknown}
 s - a potion of degeneration {unknown}
 u - 2 potions of cancellation {unknown}
 x - a potion of agility {unknown}
Comestibles
 c - 4 bread rations
 i - 2 slices of pizza
 n - a beef jerky
 o - 2 fruits
 p - a royal jelly


   Skills:
 + Level 6.6 Fighting
 * Level 8.7 Maces & Flails
 + Level 4.5 Dodging


You had 6 spell levels left.
You didn't know any spells.

Dungeon Overview and Level Annotations

Branches:
Dungeon (4/15)
 Temple: D:4-7

Altars:
Ashenzari


Innate Abilities, Weirdness & Mutations

You are too large for most types of armour.
You have tough skin (AC +1).


Message History

The orc hits you but does no damage. The orc barely misses you.
The orc wizard mumbles some strange words.
The orc wizard blinks!
The orc hits you with a short sword of speed.
* * * LOW HITPOINT WARNING * * *
The orc misses you. The orc closely misses you.
The orc hits you but does no damage.
The orc hits you with a short sword of speed.
* * * LOW HITPOINT WARNING * * *
The orc hits you but does no damage. The orc hits you but does no damage.
The orc wizard casts a spell.
The orc wizard blinks!
The orc hits you with a club.
* * * LOW HITPOINT WARNING * * *
The orc hits you with a short sword of speed.
* * * LOW HITPOINT WARNING * * *
Drink which item? (? for menu, Esc to quit)
It was a potion of magic.
Magic courses through your body.
The orc hits you with a short sword of speed.
You die...

.......##...###.....###.......#
.............#.....[.#........#
..##..........###'###..#......#
..##...........##.##..##......#
.......#######..###..###..)...#
.......#.........#...# #.)....#
.......#.............# #...)..#
.......#........oo..## #...)..#
.......#........@..## #.o....#
..##...#...........# #......#
..##...#...........# #........
..#....#...........# #.........
..+....#...........# #.........
..#....#...........# #.........
..#....#..<........# #.........
..##.).#......######
..##...#......'...#


You could see 2 orcs.

Vanquished Creatures
  Sigmund (D:2)
  Menkaure (Ossuary)
  3 centaur zombies (Ossuary)
  2 orc wizards (D:4)
  A worker ant (D:4)
  2 ogre zombies (Ossuary)
  6 mummies
  4 adders
  3 oozes
  4 adder zombies (Ossuary)
  An adder skeleton (D:4)
  2 worms
  2 dart slugs
  6 orcs (D:4)
  A bat (D:2)
  5 goblins
  6 hobgoblins
  13 jackals
  2 quokkas (D:2)
  A ball python (D:2)
  5 giant newts
  2 gnoll zombies (Ossuary)
  4 goblin zombies (Ossuary)
  2 hobgoblin zombies (Ossuary)
  5 kobolds
  A kobold zombie (Ossuary)
  An orc zombie (D:4)
  A quokka zombie (Ossuary)
  9 rats
  2 rat zombies (Ossuary)
98 creatures vanquished.

Notes
Turn   | Place    | Note
--------------------------------------------------------------
     0 | D:1      | mmcf the Ogre Berserker began the quest for the Orb.
     0 | D:1      | Reached XP level 1. HP: 24/24 MP: 1/1
    40 | D:1      | Reached XP level 2. HP: 17/32 MP: 2/2
   491 | D:1      | Reached XP level 3. HP: 40/40 MP: 3/3
   494 | D:1      | Reached skill level 5 in Maces & Flails
   599 | D:1      | Reached ** piety under Trog
  1016 | D:2      | Found a shattered altar of Ashenzari.
  1409 | D:2      | Reached XP level 4. HP: 49/49 MP: 4/4
  1576 | D:2      | Noticed Sigmund
  1590 | D:2      | Killed Sigmund
  1590 | D:2      | Reached skill level 5 in Fighting
  1590 | D:2      | Reached skill level 6 in Maces & Flails
  1590 | D:2      | Reached XP level 5. HP: 47/57 MP: 5/5
  1590 | D:2      | Reached XP level 6. HP: 55/66 MP: 6/6
  2011 | D:2      | Reached skill level 7 in Maces & Flails
  2036 | D:2      | Reached *** piety under Trog
  2314 | D:4      | Found a sand-covered staircase.
  2322 | Ossuary  | Entered an ossuary
  2554 | Ossuary  | Reached XP level 7. HP: 69/75 MP: 7/7
  2558 | Ossuary  | Noticed Menkaure
  2572 | Ossuary  | Killed Menkaure
  2572 | Ossuary  | Reached skill level 8 in Maces & Flails
  2575 | Ossuary  | HP: 4/114 [mummy (4)]
  2874 | D:4      | HP: 2/76 [orc/short sword of speed (4)]
  2875 | D:4      | Slain by an orc

Vault maps used:
D:1:      erik_arrival_gehennom
D:2:      minmay_door_path, minmay_tree_intersection, lemuel_tele_altar,
          uniq_sigmund
D:3:      minitemple, first_bread, uniq_crazy_yiuf_cottage
D:4:      nicolae_ossuary_entry_giza, portal_sewer_entry_a, grunt_pakellas_salt
Ossuary:  ossuary_boxes_badplayer

Skill      XL: |  1  2  3  4  5  6  7 |
---------------+----------------------+-----
Maces & Flails | 5 6 7 8 |  8.7
Dodging        | 3 4 |  4.5
Fighting       | 5 6 |  6.6

Action                   |  1- 3 |  4- 6 |  7- 9 || total
-------------------------+-------+-------+-------++-------
Melee: Mace              |   118 |   174 |    52 ||   344
Invok: Berserk           |     1 |     1 |     3 ||     5
       Trog's Hand       |       |       |     2 ||     2
  Use: Scroll            |       |     7 |     5 ||    12
       Potion            |       |       |     2 ||     2
 Stab: Sleeping          |     1 |     2 |       ||     3
  Eat: Chunk             |     3 |     5 |       ||     8
       Bread ration      |       |       |     1 ||     1
Armor: Animal skin       |    75 |     7 |       ||    82
       Robe              |       |    34 |    12 ||    46
Dodge: Dodged            |    89 |    87 |    38 ||   214
